 Dungeon Crawl Stone Soup version 0.31-a0-152-g6aa68a64a1 (webtiles) character file.

Game seed: 1585983696821849599

4043 qw the Skirmisher (level 10, -3/94 HPs)
             Began as a Naga Hunter on June 10, 2023.
             Was a Follower of Okawaru.
             Slain by Gastronok (30 damage)
             ... on level 9 of the Dungeon.
             The game lasted 00:03:25 (7999 turns).

qw the Skirmisher (Naga Hunter)                     Turns: 7999, Time: 00:03:25

Health: -3/94      AC: 10    Str: 13    XL:     10   Next: 24%
Magic:  11/13      EV: 19    Int: 11    God:    Okawaru [*.....]
Gold:   541        SH:  0    Dex: 16    Spells: 9/9 levels left

rFire   . . .        Y - +1 orcbow
rCold   . . .        (shield currently unavailable)
rNeg    . . .        s - +0 steam dragon scales
rPois   +            (helmet restricted)
rElec   .            q - +0 cloak
rCorr   .            f - +0 pair of gloves
SInv    +            (no barding)
Will    +....        (no amulet)
Stlth   +++          o - +5 ring of evasion
HPRegen 0.35/turn    (no ring)
MPRegen 0.13/turn

%: no passive effects
@: heroic, slowed, very slow
A: AC +3, large, see invisible, deformed body, poison resistance, slowness 2,
spit poison 1, naga tail 1, horns 1, stinger 1, clumsy 1
a: Spit Poison, Renounce Religion, Heroism


You were on level 9 of the Dungeon.
You worshipped Okawaru.
Okawaru was aware of your devotion.
You visited 2 branches of the dungeon, and saw 10 of its levels.

You collected 560 gold pieces.
You spent 19 gold pieces at shops.


Innate Abilities, Weirdness & Mutations

Your serpentine skin is tough. (AC +3)
You have supernaturally acute eyesight. (SInv)
Armour fits poorly on your strangely shaped body.
Your system is resistant to poisons. (rPois)
You cover ground very slowly.
You can spit poison.
You have a snake-like lower body.
You have a pair of small horns on your head.
Your tail ends in a venomous barb.
You are clumsy. (Dex -2)


   Skills:
 + Level 7.3(12.3) Fighting
 - Level 11.0(16.0) Ranged Weapons
 - Level 2.0(7.0) Armour
 - Level 3.2(8.2) Dodging
 - Level 1.5(6.5) Stealth
 - Level 4.0 Invocations


You had 9 spell levels left.
You didn't know any spells.
Your spell library was empty.

Inventory:

Hand Weapons
 Y - a +1 orcbow (weapon)
Armour
 f - a +0 pair of gloves (worn)
 q - a +0 cloak (worn)
 s - +0 steam dragon scales (worn)
Jewellery
 c - a ring of willpower
 g - a ring of ice
 o - a +5 ring of evasion (left hand)
Scrolls
 a - a scroll of identify
Potions
 b - 4 potions of haste
 d - 6 potions of curing
 e - 5 potions of heal wounds
 m - 3 potions of might
 n - a potion of mutation
 p - a potion of cancellation {unknown}

Dungeon Overview and Level Annotations

Branches:
Dungeon (9/15)             Temple (1/1) D:6
   Lair: D:8-11         Orc: D:9-12

Altars:
Ashenzari
Cheibriados
Dithmenos
Elyvilon
Fedhas
Gozag
Hepliaklqana
Kikubaaqudgha
Makhleb
Nemelex Xobeh
Okawaru
Qazlal
Ru
Sif Muna
Trog
Uskayaw
Vehumet
Wu Jian
Xom
Yredelemnul
The Shining One

Shops:
D:2 *:   D:4 [

Annotations:
D:3 1 runed translucent door, Crazy Yiuf
D:9 Gastronok


Message History

You shoot an arrow.
The arrow hits Gastronok but does no damage.
Gastronok is heavily wounded.
Gastronok bites you!
You shoot an arrow. The arrow hits Gastronok!
Gastronok is heavily wounded.
You shoot an arrow. The arrow hits Gastronok!
Gastronok is severely wounded.
Gastronok bites you!!
You shoot an arrow.
The arrow hits Gastronok but does no damage.
Gastronok is severely wounded.
You shoot an arrow. The arrow hits Gastronok.
Gastronok is severely wounded.
You have got your breath back.
Gastronok looks at you and mumbles some strange words.
You feel as though you will be slow longer.
7994 ||| INVOKING Spit Poison.
Aiming: Spit Poison (1% risk of failure)
Press: ? - help, Shift-Dir - straight line, f/p - Gastronok The splash of poison hits Gastronok!
Gastronok looks even sicker.
Gastronok is severely wounded.
Gastronok barely misses you.
You shoot an arrow. The arrow hits Gastronok!
Gastronok is almost dead.
You shoot an arrow. The arrow hits Gastronok.
Gastronok is almost dead.
You feel briefly sluggish.
You shoot an arrow. The arrow hits Gastronok!
Gastronok is almost dead.
You have got your breath back.
You feel like a meek peon again.
7998 ||| INVOKING Heroism.
You gain the combat prowess of a mighty hero.
Gastronok waves his eye-stalks in wide circles.
The air twists around and strikes you!!
7999 ||| DRINKING 6 potions of heal wounds.
You feel much better. Gastronok bites you!!
You die...

## ###### .# ######
#....# ### .# #....#
#....# .$.. .# #....#
#....# ..... .#
###'#####....#Yr....
.####...##..#...@wYYo...
.........#..#....#Yo.##.
.........'..#....# o.#
.....##'#####....# ...
<......).........# ...
.................# #.
.................#
.................#
'##########'#....#


You could see Gastronok (poisoned), 4 yaks, 2 orc wizards, a river rat
(summoned) and an orc.

Vanquished Creatures
  A wyvern (D:9)
  Grum (D:8)
  A steam dragon (D:8)
  Edmund (D:4)
  2 water moccasins (D:7)
  A black bear (D:6)
  An orc warrior (D:8)
  3 sky beasts
  An ice beast (D:7)
  4 ogres
  A centaur (D:6)
  2 wolves (D:8)
  4 phantoms
  A kobold brigand (D:8)
  A gnoll sergeant (D:6)
  2 scorpions
  8 wights (D:8)
  4 howler monkeys
  4 hounds
  2 jellies
  4 orc priests
  4 sleepcaps
  6 iguanas
  10 orc wizards
  A mummy (D:8)
  Robin (D:3)
  3 gnolls (D:6)
  7 adders
  A white imp (D:7)
  An ufetubus (D:4)
  A worm (D:3)
  2 dart slugs
  37 orcs
  8 endoplasms
  3 giant cockroaches
  13 goblins
  6 hobgoblins
  9 jackals
  3 quokkas
  6 ball pythons
  7 bats
  3 frilled lizards
  10 kobolds
  5 rats
196 creatures vanquished.

Notes
Turn   | Place    | Note
-------+----------+-------------------------------------------
     0 | D:1      | qw the Naga Hunter began the quest for the Orb.
     0 | D:1      | Reached XP level 1. HP: 19/19 MP: 1/1
     0 | D:1      | 0 ||| qw: Version: 0.2-a-122-gbc61b45
     0 | D:1      | 0 ||| qw: Game counter: 3564
     0 | D:1      | 0 ||| qw: Always use a shield: true
     0 | D:1      | 0 ||| qw: God list: Okawaru
     0 | D:1      | 0 ||| qw: Allow faded altars: false
     0 | D:1      | 0 ||| qw: Do Orc after D:15 true
     0 | D:1      | 0 ||| qw: Do second Lair branch before Depths: true
     0 | D:1      | 0 ||| qw: Lair rune preference: random
     0 | D:1      | 0 ||| qw: Plans: Normal
     0 | D:1      | 0 ||| PLANNING D:1-11
     5 | D:1      | 5 ||| INVOKING Spit Poison.
    15 | D:1      | 15 ||| INVOKING Spit Poison.
    94 | D:1      | 94 ||| INVOKING Spit Poison.
    95 | D:1      | Reached skill level 4 in Ranged Weapons
    95 | D:1      | Reached XP level 2. HP: 26/26 MP: 2/2
   127 | D:1      | 127 ||| INVOKING Spit Poison.
   132 | D:1      | 132 ||| INVOKING Spit Poison.
   135 | D:1      | 135 ||| INVOKING Spit Poison.
   170 | D:1      | 170 ||| INVOKING Spit Poison.
   216 | D:1      | 216 ||| INVOKING Spit Poison.
   237 | D:1      | 237 ||| INVOKING Spit Poison.
   244 | D:1      | 244 ||| FLEEEEING.
   245 | D:1      | 245 ||| FLEEEEING.
   252 | D:1      | 252 ||| INVOKING Spit Poison.
   468 | D:1      | 468 ||| INVOKING Spit Poison.
   572 | D:1      | 572 ||| READING scroll labelled NARGHO MEUBB.
   573 | D:1      | 573 ||| READING scroll labelled FAAMYVV QUKLIP.
   574 | D:1      | 574 ||| READING scroll labelled HESOVUAKKU.
   575 | D:1      | 575 ||| READING scroll labelled MAIHICE TOKEANT.
   576 | D:1      | 576 ||| READING scroll labelled MINERRUTAJ.
   577 | D:1      | 577 ||| DROPPING scroll of butterflies.
   623 | D:2      | 623 ||| INVOKING Spit Poison.
   652 | D:2      | 652 ||| INVOKING Spit Poison.
   670 | D:2      | 670 ||| INVOKING Spit Poison.
   671 | D:2      | Reached XP level 3. HP: 32/32 MP: 3/3
   757 | D:2      | Found Jyacuxt's Vocational Training.
   781 | D:2      | Found Antinota's Assorted Antiques.
   799 | D:2      | 799 ||| BUYING purple potion (19 gold).
   799 | D:2      | Bought a purple potion for 19 gold pieces
   799 | D:2      | 799 ||| SHOPLISTING scroll labelled QISMYL ADA PINK (22
                  | gold, have 14).
   802 | D:2      | Found a snail-covered altar of Cheibriados.
   897 | D:2      | 897 ||| INVOKING Spit Poison.
   970 | D:2      | 970 ||| INVOKING Spit Poison.
   976 | D:2      | 976 ||| INVOKING Spit Poison.
  1351 | D:2      | 1351 ||| INVOKING Spit Poison.
  1355 | D:2      | 1355 ||| INVOKING Spit Poison.
  1501 | D:2      | 1501 ||| UPGRADING to +0 pair of gloves.
  1506 | D:2      | 1506 ||| DRINKING 2 yellow potions.
  1507 | D:2      | 1507 ||| DRINKING 3 purple potions.
  1541 | D:3      | 1541 ||| INVOKING Spit Poison.
  1562 | D:3      | Noticed Robin
  1563 | D:3      | 1563 ||| INVOKING Spit Poison.
  1566 | D:3      | 1566 ||| INVOKING Spit Poison.
  1566 | D:3      | Killed Robin
  1567 | D:3      | Reached skill level 5 in Ranged Weapons
  1567 | D:3      | Reached XP level 4. HP: 38/39 MP: 4/4
  1570 | D:3      | 1570 ||| INVOKING Spit Poison.
  1579 | D:3      | 1579 ||| INVOKING Spit Poison.
  1586 | D:3      | 1586 ||| INVOKING Spit Poison.
  1589 | D:3      | 1589 ||| INVOKING Spit Poison.
  1592 | D:3      | 1592 ||| INVOKING Spit Poison.
  1639 | D:3      | 1639 ||| INVOKING Spit Poison.
  1670 | D:3      | 1670 ||| INVOKING Spit Poison.
  1672 | D:3      | Reached skill level 3 in Fighting
  1701 | D:3      | Found a runed translucent door.
  1702 | D:3      | Noticed Crazy Yiuf
  1865 | D:3      | 1865 ||| INVOKING Spit Poison.
  1933 | D:3      | 1933 ||| INVOKING Spit Poison.
  1939 | D:3      | 1939 ||| INVOKING Spit Poison.
  1943 | D:3      | 1943 ||| INVOKING Spit Poison.
  1946 | D:3      | Reached XP level 5. HP: 22/49 MP: 5/5
  2033 | D:3      | 2033 ||| INVOKING Spit Poison.
  2038 | D:3      | 2038 ||| INVOKING Spit Poison.
  2053 | D:3      | 2053 ||| INVOKING Spit Poison.
  2061 | D:3      | 2061 ||| INVOKING Spit Poison.
  2112 | D:3      | 2112 ||| INVOKING Spit Poison.
  2128 | D:3      | 2128 ||| INVOKING Spit Poison.
  2133 | D:3      | 2133 ||| INVOKING Spit Poison.
  2137 | D:3      | 2137 ||| INVOKING Spit Poison.
  2152 | D:3      | 2152 ||| UPGRADING to +0 helmet.
  2157 | D:3      | 2157 ||| DROPPING ring of magical power.
  2158 | D:3      | 2158 ||| UPGRADING to +5 ring of evasion.
  2159 | D:3      | 2159 ||| READING scroll labelled UFRIAR YRIER.
  2164 | D:3      | 2164 ||| INVOKING Spit Poison.
  2267 | D:3      | 2267 ||| INVOKING Spit Poison.
  2460 | D:3      | 2460 ||| INVOKING Spit Poison.
  2464 | D:3      | 2464 ||| INVOKING Spit Poison.
  2505 | D:3      | 2505 ||| INVOKING Spit Poison.
  2511 | D:3      | 2511 ||| INVOKING Spit Poison.
  2516 | D:3      | 2516 ||| INVOKING Spit Poison.
  2593 | D:3      | 2593 ||| INVOKING Spit Poison.
  2594 | D:3      | 2594 ||| INVOKING Spit Poison.
  2632 | D:3      | 2632 ||| INVOKING Spit Poison.
  2636 | D:3      | Noticed a phantom
  2650 | D:3      | Killed a phantom
  2651 | D:3      | Reached skill level 6 in Ranged Weapons
  2651 | D:3      | Reached XP level 6. HP: 47/56 MP: 6/6
  2795 | D:3      | 2795 ||| INVOKING Spit Poison.
  2930 | D:3      | 2930 ||| READING scroll labelled ECOSIRHE XOGA.
  2931 | D:3      | 2931 ||| DRINKING 2 golden potions.
  2932 | D:3      | 2932 ||| DRINKING 2 sedimented ruby potions.
  2933 | D:3      | 2933 ||| DROPPING potion of magic.
  2983 | D:4      | 2983 ||| INVOKING Spit Poison.
  2986 | D:4      | 2986 ||| INVOKING Spit Poison.
  2990 | D:4      | 2990 ||| INVOKING Spit Poison.
  3026 | D:4      | 3026 ||| INVOKING Spit Poison.
  3029 | D:4      | 3029 ||| INVOKING Spit Poison.
  3063 | D:4      | 3063 ||| INVOKING Spit Poison.
  3070 | D:4      | 3070 ||| INVOKING Spit Poison.
  3073 | D:4      | 3073 ||| INVOKING Spit Poison.
  3074 | D:4      | 3074 ||| INVOKING Spit Poison.
  3080 | D:4      | 3080 ||| INVOKING Spit Poison.
  3095 | D:4      | 3095 ||| INVOKING Spit Poison.
  3102 | D:4      | 3102 ||| INVOKING Spit Poison.
  3107 | D:4      | 3107 ||| INVOKING Spit Poison.
  3220 | D:4      | 3220 ||| INVOKING Spit Poison.
  3221 | D:4      | 3221 ||| INVOKING Spit Poison.
  3337 | D:4      | 3337 ||| INVOKING Spit Poison.
  3363 | D:4      | 3363 ||| INVOKING Spit Poison.
  3366 | D:4      | 3366 ||| INVOKING Spit Poison.
  3371 | D:4      | Noticed Edmund
  3373 | D:4      | 3373 ||| INVOKING Spit Poison.
  3379 | D:4      | 3379 ||| INVOKING Spit Poison.
  3383 | D:4      | HP: 10/57 [Edmund/+3 flail of protection (9)]
  3384 | D:4      | 3384 ||| DRINKING 2 potions of heal wounds.
  3385 | D:4      | 3385 ||| INVOKING Spit Poison.
  3387 | D:4      | 3387 ||| DRINKING potion of heal wounds.
  3390 | D:4      | 3390 ||| INVOKING Spit Poison.
  3391 | D:4      | Killed Edmund
  3392 | D:4      | Reached skill level 7 in Ranged Weapons
  3392 | D:4      | Reached XP level 7. HP: 35/64 MP: 7/7
  3557 | D:4      | 3557 ||| INVOKING Spit Poison.
  3574 | D:4      | Reached skill level 1 in Armour
  3628 | D:4      | 3628 ||| INVOKING Spit Poison.
  3632 | D:4      | 3632 ||| INVOKING Spit Poison.
  3791 | D:4      | 3791 ||| INVOKING Spit Poison.
  3859 | D:4      | Found Nunopnoa's Antique Armour Emporium.
  3867 | D:4      | 3867 ||| SHOPLISTING silken robe (165 gold, have 134).
  4018 | D:4      | Found a glowing golden altar of the Shining One.
  4069 | D:4      | 4069 ||| READING scroll labelled QUMODI GETYH.
  4070 | D:4      | 4070 ||| READING scroll labelled QISMYL ADA PINK.
  4071 | D:4      | 4071 ||| DRINKING 3 green potions.
  4072 | D:4      | 4072 ||| DRINKING 4 bubbling yellow potions.
  4073 | D:4      | 4073 ||| DRINKING 2 fuming black potions.
  4120 | D:4      | 4120 ||| READING 2 scrolls of identify.
  4120 | D:4      | 4120 ||| IDENTIFYING blue potion
  4121 | D:4      | 4121 ||| DROPPING potion of degeneration.
  4122 | D:4      | 4122 ||| DROPPING 2 potions of brilliance.
  4123 | D:4      | 4123 ||| DROPPING potion of lignification.
  4147 | D:5      | Entered Level 5 of the Dungeon
  4148 | D:5      | 4148 ||| INVOKING Spit Poison.
  4153 | D:5      | Identified the +2 scale mail of the Thinker {Fly Dex+2}
  4387 | D:5      | 4387 ||| INVOKING Spit Poison.
  4390 | D:5      | 4390 ||| Stepping ~*~*~tactically~*~*~ (outnumbered).
  4393 | D:5      | 4393 ||| INVOKING Spit Poison.
  4396 | D:5      | Reached XP level 8. HP: 65/72 MP: 8/8
  4397 | D:5      | 4397 ||| INVOKING Spit Poison.
  4401 | D:5      | 4401 ||| INVOKING Spit Poison.
  4437 | D:5      | 4437 ||| READING 3 scrolls of enchant weapon.
  4437 | D:5      | 4437 ||| ENCHANTING +1 shortbow of draining.
  4438 | D:5      | 4438 ||| READING 2 scrolls of enchant weapon.
  4438 | D:5      | 4438 ||| ENCHANTING +2 shortbow of draining.
  4439 | D:5      | 4439 ||| READING scroll of enchant weapon.
  4439 | D:5      | 4439 ||| ENCHANTING +3 shortbow of draining.
  4471 | D:5      | 4471 ||| INVOKING Spit Poison.
  4525 | D:5      | 4525 ||| INVOKING Spit Poison.
  4540 | D:5      | 4540 ||| INVOKING Spit Poison.
  4544 | D:5      | Reached skill level 8 in Ranged Weapons
  4582 | D:5      | 4582 ||| INVOKING Spit Poison.
  4604 | D:5      | 4604 ||| INVOKING Spit Poison.
  4607 | D:5      | 4607 ||| INVOKING Spit Poison.
  4702 | D:5      | Found an opulent altar of Gozag.
  4914 | D:5      | 4914 ||| READING scroll labelled BUKANG APUGH.
  4915 | D:5      | 4915 ||| READING 2 scrolls of identify.
  4915 | D:5      | 4915 ||| IDENTIFYING lumpy emerald potion
  4916 | D:5      | 4916 ||| DROPPING potion of invisibility.
  5019 | D:6      | 5019 ||| INVOKING Spit Poison.
  5024 | D:6      | 5024 ||| INVOKING Spit Poison.
  5057 | D:6      | 5057 ||| INVOKING Spit Poison.
  5060 | D:6      | 5060 ||| Stepping ~*~*~tactically~*~*~ (outnumbered).
  5062 | D:6      | 5062 ||| INVOKING Spit Poison.
  5111 | D:6      | 5111 ||| INVOKING Spit Poison.
  5115 | D:6      | 5115 ||| INVOKING Spit Poison.
  5133 | D:6      | Found a staircase to the Ecumenical Temple.
  5134 | D:6      | 5134 ||| PLANNING TEMPLE
  5144 | Temple   | Entered the Ecumenical Temple
  5304 | Temple   | 5304 ||| PLANNING D:1-11
  5374 | D:6      | 5374 ||| INVOKING Spit Poison.
  5377 | D:6      | 5377 ||| READING 2 scrolls of enchant weapon.
  5377 | D:6      | 5377 ||| ENCHANTING +4 shortbow of draining.
  5378 | D:6      | 5378 ||| READING scroll of enchant weapon.
  5378 | D:6      | 5378 ||| ENCHANTING +5 shortbow of draining.
  5421 | D:6      | 5421 ||| SWAPPING to +0 orcbow.
  5422 | D:6      | 5422 ||| INVOKING Spit Poison.
  5429 | D:6      | 5429 ||| INVOKING Spit Poison.
  5434 | D:6      | 5434 ||| INVOKING Spit Poison.
  5531 | D:6      | 5531 ||| DROPPING +6 shortbow of draining.
  5601 | D:6      | Found an iron altar of Okawaru.
  5602 | D:6      | 5602 ||| PLANNING OKAWARU WORSHIP
  5612 | D:6      | Became a worshipper of Warmaster Okawaru
  5612 | D:6      | 5612 ||| PLANNING D:1-11
  5626 | D:6      | 5626 ||| INVOKING Spit Poison.
  5632 | D:6      | Reached skill level 9 in Ranged Weapons
  5632 | D:6      | 5632 ||| INVOKING Spit Poison.
  5635 | D:6      | 5635 ||| INVOKING Spit Poison.
  5638 | D:6      | 5638 ||| INVOKING Spit Poison.
  5642 | D:6      | 5642 ||| INVOKING Spit Poison.
  5686 | D:6      | 5686 ||| INVOKING Spit Poison.
  5690 | D:6      | 5690 ||| INVOKING Spit Poison.
  5705 | D:6      | Reached skill level 6 in Fighting
  5732 | D:6      | 5732 ||| INVOKING Spit Poison.
  5735 | D:6      | Reached XP level 9. HP: 82/82 MP: 9/9
  5904 | D:6      | 5904 ||| INVOKING Spit Poison.
  5911 | D:6      | 5911 ||| INVOKING Spit Poison.
  5915 | D:6      | 5915 ||| INVOKING Spit Poison.
  6033 | D:7      | 6033 ||| INVOKING Spit Poison.
  6037 | D:7      | 6037 ||| INVOKING Spit Poison.
  6038 | D:7      | Reached skill level 3 in Dodging
  6045 | D:7      | 6045 ||| INVOKING Spit Poison.
  6046 | D:7      | 6046 ||| INVOKING Spit Poison.
  6103 | D:7      | 6103 ||| INVOKING Spit Poison.
  6105 | D:7      | Reached * piety under Okawaru
  6113 | D:7      | 6113 ||| INVOKING Spit Poison.
  6115 | D:7      | Reached skill level 1 in Invocations
  6127 | D:7      | 6127 ||| INVOKING Spit Poison.
  6259 | D:7      | 6259 ||| INVOKING Spit Poison.
  6313 | D:7      | 6313 ||| Stepping ~*~*~tactically~*~*~ (outnumbered).
  6314 | D:7      | 6314 ||| Stepping ~*~*~tactically~*~*~ (outnumbered).
  6319 | D:7      | 6319 ||| INVOKING Spit Poison.
  6324 | D:7      | 6324 ||| INVOKING Spit Poison.
  6375 | D:7      | 6375 ||| INVOKING Spit Poison.
  6379 | D:7      | 6379 ||| INVOKING Spit Poison.
  6382 | D:7      | 6382 ||| INVOKING Spit Poison.
  6386 | D:7      | 6386 ||| INVOKING Spit Poison.
  6447 | D:7      | Reached skill level 3 in Invocations
  6451 | D:7      | 6451 ||| INVOKING Heroism.
  6452 | D:7      | 6452 ||| INVOKING Spit Poison.
  6457 | D:7      | Reached skill level 10 in Ranged Weapons
  6547 | D:7      | 6547 ||| INVOKING Heroism.
  6548 | D:7      | 6548 ||| Stepping ~*~*~tactically~*~*~ (outnumbered).
  6550 | D:7      | 6550 ||| INVOKING Spit Poison.
  6559 | D:7      | 6559 ||| INVOKING Spit Poison.
  6563 | D:7      | 6563 ||| INVOKING Heroism.
  6565 | D:7      | 6565 ||| INVOKING Spit Poison.
  6673 | D:7      | 6673 ||| UPGRADING to +0 cloak.
  6678 | D:7      | 6678 ||| READING 2 scrolls of identify.
  6678 | D:7      | 6678 ||| IDENTIFYING emerald potion
  6679 | D:7      | 6679 ||| DROPPING potion of enlightenment.
  6694 | D:8      | 6694 ||| PLANNING OSSUARY
  6756 | D:8      | 6756 ||| INVOKING Spit Poison.
  6759 | D:8      | 6759 ||| INVOKING Spit Poison.
  6769 | D:8      | 6769 ||| INVOKING Spit Poison.
  6793 | D:8      | 6793 ||| INVOKING Spit Poison.
  6979 | D:8      | 6979 ||| INVOKING Heroism.
  6980 | D:8      | 6980 ||| INVOKING Spit Poison.
  6984 | D:8      | 6984 ||| INVOKING Spit Poison.
  7028 | D:8      | 7028 ||| READING scroll of enchant weapon.
  7028 | D:8      | 7028 ||| ENCHANTING +0 orcbow.
  7085 | D:8      | 7085 ||| INVOKING Spit Poison.
  7091 | D:8      | 7091 ||| INVOKING Spit Poison.
  7102 | D:8      | Found a blossoming altar of Fedhas.
  7112 | D:8      | 7112 ||| INVOKING Spit Poison.
  7119 | D:8      | 7119 ||| INVOKING Spit Poison.
  7122 | D:8      | 7122 ||| INVOKING Spit Poison.
  7125 | D:8      | Reached XP level 10. HP: 69/94 MP: 13/13
  7129 | D:8      | 7129 ||| INVOKING Spit Poison.
  7167 | D:8      | 7167 ||| INVOKING Spit Poison.
  7204 | D:8      | Found a shimmering blue altar of Sif Muna.
  7209 | D:8      | 7209 ||| UPGRADING to +0 steam dragon scales.
  7277 | D:8      | 7277 ||| DROPPING +0 leather armour.
  7334 | D:8      | 7334 ||| RIP OSSUARY
  7358 | D:8      | 7358 ||| PLANNING D:1-11
  7409 | D:8      | Noticed Grum
  7410 | D:8      | 7410 ||| INVOKING Heroism.
  7419 | D:8      | 7419 ||| INVOKING Spit Poison.
  7427 | D:8      | 7427 ||| INVOKING Spit Poison.
  7431 | D:8      | 7431 ||| INVOKING Spit Poison.
  7432 | D:8      | Killed Grum
  7437 | D:8      | 7437 ||| INVOKING Spit Poison.
  7497 | D:8      | Found a sacrificial altar of Ru.
  7547 | D:8      | Identified the +8 morningstar of Raphegua {freeze, rPois
                  | Str-3 SInv}
  7637 | D:8      | 7637 ||| INVOKING Spit Poison.
  7640 | D:8      | 7640 ||| INVOKING Heroism.
  7641 | D:8      | 7641 ||| INVOKING Spit Poison.
  7647 | D:8      | Reached skill level 11 in Ranged Weapons
  7651 | D:8      | 7651 ||| INVOKING Spit Poison.
  7845 | D:8      | 7845 ||| READING scroll labelled HUGRY MIXZI.
  7846 | D:8      | 7846 ||| READING scroll labelled NEKHITTILO.
  7849 | D:8      | 7849 ||| DRINKING 2 fuming white potions.
  7849 | D:8      | Gained mutation: You have a pair of small horns on your
                  | head. [potion of mutation]
  7849 | D:8      | Gained mutation: You are clumsy. (Dex -2) [potion of
                  | mutation]
  7849 | D:8      | Gained mutation: Your tail ends in a venomous barb. [potion
                  | of mutation]
  7850 | D:8      | 7850 ||| DROPPING +0 helmet.
  7851 | D:8      | 7851 ||| READING 3 scrolls of identify.
  7851 | D:8      | 7851 ||| IDENTIFYING silvery potion
  7852 | D:8      | 7852 ||| READING 2 scrolls of identify.
  7852 | D:8      | 7852 ||| IDENTIFYING sapphire potion
  7853 | D:8      | 7853 ||| DROPPING potion of attraction.
  7854 | D:8      | 7854 ||| DROPPING potion of ambrosia.
  7871 | D:9      | 7871 ||| INVOKING Spit Poison.
  7974 | D:9      | Noticed Gastronok
  7975 | D:9      | 7975 ||| INVOKING Heroism.
  7976 | D:9      | 7976 ||| INVOKING Spit Poison.
  7982 | D:9      | 7982 ||| INVOKING Spit Poison.
  7988 | D:9      | 7988 ||| INVOKING Spit Poison.
  7994 | D:9      | 7994 ||| INVOKING Spit Poison.
  7998 | D:9      | 7998 ||| INVOKING Heroism.
  7998 | D:9      | HP: 3/94 [Gastronok/the air (24)]
  7999 | D:9      | 7999 ||| DRINKING 6 potions of heal wounds.
  7999 | D:9      | Slain by Gastronok

Levels and vault maps discovered:
D:1:      giann_bridges, layout_basic
D:2:      layout_basic, basic_altar, serial_shops,
          nicolae_shop_overgrown_old_shop, serial_rivers,
          chequers_serial_rivers_micro_c, chequers_serial_rivers_small_3,
          chequers_serial_rivers_micro_c, chequers_serial_rivers_micro_d,
          chequers_mini_garden, kennysheep_decorative_pillar,
          nicolae_shop_vocational
D:3:      minmay_razor_zed, layout_basic, minmay_joined_circles,
          uniq_crazy_yiuf_cottage, uniq_robin
D:4:      layout_basic, tso_altar, serial_shops, nicolae_shop_stone,
          minmay_fractal_squares_diagonal_5, uniq_edmund
D:5:      layout_basic, nicolae_gozag_cash_rules_everything_around_me
D:6:      layout_basic, old_standard_altar, minmay_temple_entry_glassed_door,
          columned_hall_lemuel, minmay_misc_feat_rugged
D:7:      layout_basic
D:8:      layout_basic, amcnicky_altar_gilded, mainiacjoe_overflow_alcove_4,
          old_standard_altar, gup_ossuary_entry_pyramid,
          kennysheep_generic_room_5, uniq_grum
D:9:      minmay_gate_of_8, layout_gridville, due_lair_maze_entry_diamond,
          uniq_gastronok
Temple:   bh_familiar_temple

Skill      XL: |  1  2  3  4  5  6  7  8  9 10 |
---------------+-------------------------------+-----
Ranged Weapons | 4 5 6 7 9 10 11 | 11.0
Fighting       | 3 4 6 7 |  7.3
Dodging        | 2 3 |  3.2
Armour         | 1 2 |  2.0
Invocations    | 4 |  4.0
Stealth        | |  1.5

Action                     |  1- 3 |  4- 6 |  7- 9 | 10-12 || total
---------------------------+-------+-------+-------+-------++-------
   Fire: Shortbow          |    53 |   184 |    80 |       ||   317
         Orcbow            |       |       |   208 |    95 ||   303
 Invoke: Heroism           |       |       |     4 |     4 ||     8
Ability: Spit Poison       |    22 |    49 |    64 |    14 ||   149
    Use: Scroll            |     5 |     2 |    12 |     4 ||    23
         Potion            |     2 |     4 |     3 |     2 ||    11
 Armour: Leather armour    |     2 |    42 |    23 |     1 ||    68
         Steam dragon scal |       |       |       |     4 ||     4
         Skin              |       |       |       |     2 ||     2
  Dodge: Dodged            |     9 |    83 |    77 |    30 ||   199

Table legend:
 A = Non-vault XP
 B = Vault XP
 C = Vault XP percentage of total XP
 D = Non-vault monster count
 E = Vault monster count
 F = Vault count percentage of total count
                 A         B        C        D         E       F
            +---------+---------+-------+---------+---------+-------
      Total |    4965 |     811 |  14.0 |     157 |      39 |  19.9
            +---------+---------+-------+---------+---------+-------
        D:1 |      29 |       0 |   0.0 |      18 |       0 |   0.0
        D:2 |      35 |       0 |   0.0 |      13 |       0 |   0.0
        D:3 |     250 |      73 |  22.6 |      24 |      26 |  52.0
        D:4 |     368 |     280 |  43.2 |      16 |       8 |  33.3
        D:5 |     512 |       0 |   0.0 |      11 |       0 |   0.0
        D:6 |    1019 |       0 |   0.0 |      20 |       0 |   0.0
        D:7 |    1201 |       0 |   0.0 |      27 |       0 |   0.0
        D:8 |    1358 |     458 |  25.2 |      27 |       5 |  15.6
        D:9 |     193 |       0 |   0.0 |       1 |       0 |   0.0
            +---------+---------+-------+---------+---------+-------
